 Dungeon Sprint DCSS version 0.30-a0-368-g86fb4627a9 (webtiles) character file.

Game seed: 3656754715002586865

48113 JOEMAMA2 the Axe Maniac (level 14, -23/168 HPs)
             Began as a Minotaur Berserker on Nov 20, 2022.
             Was a Priest of Trog.
             Killed from afar by a golden dragon (41 damage)
             ... with a bolt of cold
             ... in the Dungeon (Sprint IX: "|||||||||||||||||||||||||||||").
             The game lasted 00:16:21 (3981 turns).

JOEMAMA2 the Axe Maniac (Minotaur Berserker)        Turns: 3981, Time: 00:16:21

Health: -23/168    AC: 24    Str: 30    XL:     14   Next: 11%
Magic:  13/13      EV: 14    Int:  4    God:    Trog [***...]
Gold:   1162       SH:  0    Dex: 10    Spells: 13/13 levels left

rFire   . . .      SeeInvis .    s - +9 executioner's axe of Pyromania {vorpal, *Corrode +Blink rN+}
rCold   . . .      Faith    +    (shield currently unavailable)
rNeg    + . .      Spirit   .    w - +0 plate armour
rPois   .          Reflect  .    (helmet restricted)
rElec   .          Harm     .    v - +0 cloak
rCorr   .          Rampage  .    z - +1 pair of gloves
Will    +....      NoTele   +    y - +1 pair of boots
Stlth   ..........               t - amulet of faith
HPRegen 0.48/turn                k - +3 ring of strength
MPRegen 0.13/turn                l - +2 ring of evasion

@: corroded, on berserk cooldown, slowed, very slow
A: horns 2, retaliatory headbutt
a: Renounce Religion, Evoke Blink, Berserk, Trog's Hand


You were in the Dungeon.
You worshipped Trog.
Trog was most pleased with you.
You visited 1 branch You collected 1324 gold pieces.
You spent 162 gold pieces at shops.

Inventory:

Hand Weapons
 s - the +9 executioner's axe of Pyromania (weapon) {vorpal, *Corrode +Blink rN+}
   (Trog gifted it to you in the Dungeon)

   It inflicts extra damage upon your enemies.
   rN:        It protects you from negative energy.
   +Blink:    It lets you blink.
   *Corrode:  It may corrode you when you take damage.
Armour
 v - a +0 cloak (worn)
 w - a +0 plate armour (worn)
 y - a +1 pair of boots (worn)
 z - a +1 pair of gloves (worn)
Jewellery
 k - a +3 ring of strength (left hand)
 l - a +2 ring of evasion (right hand)
 t - an amulet of faith (around neck)
Scrolls
 h - a scroll of blinking
 p - 2 scrolls of butterflies
 q - 8 scrolls of enchant weapon
 r - 3 scrolls of identify
Potions
 b - 3 potions of might
 c - 5 potions of curing
 d - 11 potions of heal wounds
 e - a potion of haste
 f - 4 potions of magic
 g - a potion of berserk rage
 i - a potion of invisibility


   Skills:
 O Level 27 Fighting
 O Level 27 Axes
 + Level 22.9 Armour
 + Level 10.9 Dodging
 + Level 3.1 Stealth


You had 13 spell levels left.
You didn't know any spells.
Your spell library was empty.

Dungeon Overview and Level Annotations

Branches:
Dungeon (1/1)

Altars:
Cheibriados
Dithmenos
Elyvilon
Fedhas
Gozag
Hepliaklqana
Kikubaaqudgha
Makhleb
Nemelex Xobeh
Okawaru
Qazlal
Ru
Sif Muna
Trog
Uskayaw
Vehumet
Wu Jian
Xom
Yredelemnul
Zin
The Shining One
Jiyva
Lugonu

Shops:
D =**(


Innate Abilities, Weirdness & Mutations

You have a pair of horns on your head.
You reflexively headbutt those who attack you in melee.


Message History

You are exhausted.
You feel yourself slow down.
You see here a +2 triple sword.
The golden dragon breathes fire at you. The bolt of fire hits you!!!
* * * LOW HITPOINT WARNING * * *
A fire giant comes into view.
It is wielding a +2 great sword of flaming.
Things that are here:
a +0 robe; a +3 vorpal battleaxe; a +0 ring mail You slash the golden dragon!
You headbutt the golden dragon!
The golden dragon is moderately wounded.
The golden dragon bites you!
* * * LOW HITPOINT WARNING * * *
The golden dragon claws you.
* * * LOW HITPOINT WARNING * * *
Your corrosive artefact corrodes you!
The golden dragon tramples you but does no damage.
You feel better.
The golden dragon bites you but does no damage.
The golden dragon claws you but does no damage.
The golden dragon tramples you but does no damage.
The golden dragon bites you.
* * * LOW HITPOINT WARNING * * *
The golden dragon completely misses you. x2
Blink to where?
Press: ? - help, Q - select action, (/) - cycle Dir - move target
As you read the scroll of blinking, it crumbles to dust.
Your ogre goes berserk!
You can no longer call in reinforcements.
You swap places.
The golden dragon breathes cold at you. The bolt of cold hits your ogre!!!
The bolt of cold misses you.
Your ogre hits the golden dragon with a +0 giant club!
The golden dragon bites your ogre!
Your ogre dies!
Your ogre's corpse disappears in a puff of smoke!
Okay, then.
The golden dragon breathes cold at you. The bolt of cold hits you!!!
You die...

▓▓▓▓▓▓▓▓▓▓▓▓▓▓▓▓.▓
)......'.........▓
▓▓▓▓▓▓▓▓▓▓▓▓▓▓▓▓▓▓
.................▓
▓▓▓▓▓▓▓▓▓▓▓▓▓▓▓▓.▓
.)...............▓
▓▓▓▓▓▓▓▓▓▓▓▓▓▓▓▓▓▓
.................▓
▓▓▓▓▓▓▓▓▓▓▓▓▓▓▓▓@▓
D.[)C....CDD.....▓
▓▓▓▓▓▓▓▓▓▓▓▓▓▓▓▓▓▓


You could see a golden dragon (catching breath), a fire giant and a fire dragon.

Vanquished Creatures
  A thorn hunter (D)
  Kirke (D)
  A nagaraja (D)
  2 fire giants (D)
  An emperor scorpion (D)
  A stone giant (D)
  2 bunyips (D)
  A spark wasp (D)
  3 ettins (D)
  A fire dragon (D)
  A merfolk javelineer (D)
  An entropy weaver (D)
  A merfolk impaler (D)
  4 hydras (D)
  An ogre mage (D)
  2 centaur warriors (D)
  A tengu warrior (D)
  2 naga warriors (D)
  A deep troll earth mage (D)
  A naga sharpshooter (D)
  Sonja (D)
  A spriggan (D)
  A sea snake (D)
  3 deep trolls (D)
  A pharaoh ant (D)
  2 spriggan druids (D)
  An orb spider (D)
  A swamp dragon (D)
  A naga ritualist (D)
  A glowing orange brain (D)
  A steelbarb worm (D)
  An orc knight (D)
  A wolf spider (D)
  2 ugly things (D)
  3 manticores (D)
  A will-o-the-wisp (D)
  2 cyclopes (D)
  Joseph (D)
  3 black mambas (D)
  A cane toad (D)
  A gargoyle (D)
  Psyche (D)
  A rime drake (D)
  3 komodo dragons (D)
  A demonic crawler (D)
  5 polar bears (D)
  A troll (D)
  2 snapping turtles (D)
  A slime creature (D)
  A tarantella (D)
  A hornet (D)
  A culicivora (D)
  2 hogs (D)
  2 yaks (D)
  2 basilisks (D)
  3 water moccasins (D)
  6 orc warriors (D)
  A black bear (shapeshifter) (D)
  5 black bears (D)
  A wolf (D)
  2 kobold brigands (D)
  A bullfrog (D)
  A howler monkey (D)
  2 orc priests (D)
  A hound (D)
  A gnoll bouda (D)
  5 orc wizards (D)
  An adder (D)
  5 orcs (D)
  A bat (D)
  2 quokkas (D)
  2 ball pythons (D)
  A bat simulacrum (D)
  A kobold (D)
  A briar patch (D)
126 creatures vanquished.

Vanquished Creatures (collateral kills)
  A tengu reaver (D)
  A very ugly thing (D)
  A fire dragon (D)
  2 ogre magi (D)
  A naga sharpshooter (D)
  2 deep trolls (D)
  2 orc knights (D)
  A black mamba (D)
  A naga mage (D)
  2 komodo dragons (D)
  2 trolls (D)
  A snapping turtle (D)
  2 water moccasins (D)
  4 orc warriors (D)
  2 orcs (D)
25 creatures vanquished.

Vanquished Creatures (others)
  A vampire mage (D)
  A naga mage (D)
2 creatures vanquished.

Grand Total: 153 creatures vanquished

Notes
Turn   | Place    | Note
-------+----------+-------------------------------------------
     0 | D        | JOEMAMA2 the Minotaur Berserker began the quest for the
                  | Orb.
     0 | D        | Reached XP level 1. HP: 19/19 MP: 0/0
    10 | D        | Reached ** piety under Trog
    33 | D        | Noticed a black bear
    33 | D        | Noticed a hound
    33 | D        | Noticed a gnoll bouda
    37 | D        | Reached skill level 5 in Fighting
    37 | D        | Reached skill level 5 in Axes
    37 | D        | Reached XP level 2. HP: 29/29 MP: 1/1
    37 | D        | Reached *** piety under Trog
    40 | D        | Reached XP level 3. HP: 37/37 MP: 2/2
    42 | D        | Reached XP level 4. HP: 47/47 MP: 3/3
    45 | D        | Killed a black bear
    46 | D        | Reached XP level 5. HP: 50/56 MP: 4/4
    51 | D        | Found a snail-covered altar of Cheibriados.
    51 | D        | Found a shadowy altar of Dithmenos.
    51 | D        | Found a white marble altar of Elyvilon.
    51 | D        | Found a blossoming altar of Fedhas.
    51 | D        | Found an opulent altar of Gozag.
    52 | D        | Found a hazy altar of Hepliaklqana.
    53 | D        | Found a viscous altar of Jiyva.
    54 | D        | Found an ancient bone altar of Kikubaaqudgha.
    55 | D        | Found a corrupted altar of Lugonu.
    56 | D        | Found a burning altar of Makhleb.
    57 | D        | Found a sparkling altar of Nemelex Xobeh.
    58 | D        | Found an iron altar of Okawaru.
    59 | D        | Found a stormy altar of Qazlal.
    60 | D        | Found a sacrificial altar of Ru.
    61 | D        | Found a shimmering blue altar of Sif Muna.
    62 | D        | Found a bloodstained altar of Trog.
    63 | D        | Found a hide-covered altar of Uskayaw.
    64 | D        | Found a radiant altar of Vehumet.
    65 | D        | Found an ornate altar of the Wu Jian Council.
    66 | D        | Found a shimmering altar of Xom.
    67 | D        | Found a basalt altar of Yredelemnul.
    68 | D        | Found a glowing silver altar of Zin.
    69 | D        | Found a glowing golden altar of the Shining One.
   107 | D        | Got the +3 war axe "Wivveiv" {flame, Will+ MP-9 Str+2}
   132 | D        | Noticed a komodo dragon
   132 | D        | Noticed a yak
   132 | D        | Noticed an orc warrior
   132 | D        | Noticed an orc warrior
   136 | D        | Killed an orc warrior
   137 | D        | Reached skill level 5 in Armour
   137 | D        | Reached skill level 5 in Dodging
   138 | D        | Reached **** piety under Trog
   139 | D        | Reached skill level 10 in Fighting
   139 | D        | Reached skill level 10 in Axes
   139 | D        | Reached XP level 6. HP: 67/67 MP: 0/5
   142 | D        | Killed an orc warrior
   148 | D        | Killed a yak
   149 | D        | Reached XP level 7. HP: 59/75 MP: 0/6
   156 | D        | Killed a komodo dragon
   156 | D        | Reached ***** piety under Trog
   288 | D        | Noticed a basilisk
   288 | D        | Noticed a centaur warrior
   288 | D        | Noticed a centaur warrior
   288 | D        | Noticed a gargoyle
   288 | D        | Noticed a six-headed hydra
   294 | D        | Killed a three-headed hydra
   295 | D        | Reached XP level 8. HP: 88/88 MP: 0/7
   296 | D        | Killed a gargoyle
   297 | D        | Reached skill level 15 in Axes
   302 | D        | Killed a centaur warrior
   303 | D        | Reached skill level 10 in Armour
   303 | D        | Reached XP level 9. HP: 49/96 MP: 0/8
   307 | D        | Killed a centaur warrior
   308 | D        | Reached skill level 15 in Fighting
   314 | D        | Received a gift from Trog
   626 | D        | Noticed Joseph
   634 | D        | Killed Joseph
   713 | D        | Noticed a black mamba
   713 | D        | Noticed a komodo dragon
   713 | D        | Noticed a komodo dragon
   715 | D        | Noticed a rime drake
   722 | D        | Killed a komodo dragon
   723 | D        | Reached XP level 10. HP: 107/107 MP: 3/9
   727 | D        | Killed a black mamba
   838 | D        | Noticed a cane toad
   838 | D        | Noticed a black mamba
   843 | D        | Identified the +9 executioner's axe of Pyromania {vorpal,
                  | *Corrode +Blink rN+} (Trog gifted it to you in the Dungeon)
   843 | D        | Received a gift from Trog
   846 | D        | Noticed a black mamba
   849 | D        | Killed a black mamba
   851 | D        | Killed a cane toad
   854 | D        | Killed a black mamba
   869 | D        | Reached skill level 10 in Dodging
   870 | D        | Reached ****** piety under Trog
   870 | D        | Received a gift from Trog
   874 | D        | Reached XP level 11. HP: 81/117 MP: 6/10
  1079 | D        | Received a gift from Trog
  1085 | D        | Received a gift from Trog
  1096 | D        | Received a gift from Trog
  1109 | D        | Noticed an orc knight
  1115 | D        | Killed an orc knight
  1117 | D        | Noticed an orc knight
  1124 | D        | Received a gift from Trog
  1125 | D        | Noticed an orc knight
  1129 | D        | Killed an orc knight
  1137 | D        | Killed an orc knight
  1140 | D        | Received a gift from Trog
  1169 | D        | Found Tukhlegi's Weapon Boutique.
  1169 | D        | Noticed an ettin
  1169 | D        | Noticed a deep troll
  1169 | D        | Noticed an ettin
  1169 | D        | Noticed a deep troll
  1170 | D        | Noticed an ogre mage
  1175 | D        | Killed a deep troll
  1175 | D        | Noticed a deep troll
  1176 | D        | Reached skill level 1 in Stealth
  1178 | D        | Killed an ettin
  1179 | D        | Killed a deep troll
  1182 | D        | Found Coed's General Store.
  1185 | D        | Killed an ettin
  1188 | D        | Killed an ogre mage
  1188 | D        | Identified the +0 executioner's axe "Ixiagh" {antimagic,
                  | Drain rF++ rC+ rN+} (Trog gifted it to you in the Dungeon)
  1188 | D        | Received a gift from Trog
  1189 | D        | Reached skill level 15 in Armour
  1191 | D        | Killed a deep troll
  1196 | D        | Found Jolod's Assorted Antiques.
  1198 | D        | Noticed an ogre mage
  1199 | D        | Found Noonk's Jewellery Shop.
  1200 | D        | Noticed a deep troll
  1200 | D        | Noticed a deep troll
  1202 | D        | Noticed an ogre mage
  1203 | D        | Killed an ogre mage
  1204 | D        | Killed a deep troll
  1205 | D        | Killed a deep troll
  1206 | D        | Reached XP level 12. HP: 33/132 MP: 11/11
  1207 | D        | Killed an ogre mage
  1207 | D        | Received a gift from Trog
  1241 | D        | Bought a glimmering broad axe for 162 gold pieces
  1241 | D        | Identified the +0 broad axe of the Rescuing Wasp {flame,
                  | rN+} (You bought it in a shop in the Dungeon)
  1768 | D        | Noticed Sonja
  1777 | D        | Killed Sonja
  1802 | D        | Noticed Psyche
  1807 | D        | Killed Psyche
  1807 | D        | Received a gift from Trog
  1937 | D        | Noticed a six-headed hydra
  1939 | D        | Noticed a deep troll earth mage
  1943 | D        | Noticed a stone giant
  1945 | D        | Noticed an ettin
  1945 | D        | Received a gift from Trog
  1946 | D        | Killed a seven-headed hydra
  1947 | D        | Noticed a fire giant
  1949 | D        | Killed a deep troll earth mage
  1950 | D        | Noticed a fire giant
  1955 | D        | Killed a stone giant
  1959 | D        | Killed a fire giant
  1963 | D        | Killed an ettin
  1970 | D        | Killed a fire giant
  1970 | D        | Received a gift from Trog
  2330 | D        | Noticed a merfolk javelineer
  2334 | D        | Received a gift from Trog
  2335 | D        | Noticed a merfolk impaler
  2344 | D        | Killed a merfolk javelineer
  2345 | D        | Reached skill level 27 in Axes
  2363 | D        | Reached XP level 13. HP: 74/145 MP: 12/12
  2366 | D        | Killed a merfolk impaler
  2369 | D        | Identified the +8 triple sword of Watchfulness {vorpal, Fly
                  | Str+3} (Trog gifted it to you in the Dungeon)
  2369 | D        | Received a gift from Trog
  2727 | D        | Noticed an emperor scorpion
  2743 | D        | Received a gift from Trog
  2748 | D        | Killed an emperor scorpion
  2753 | D        | Received a gift from Trog
  3180 | D        | Noticed a nagaraja
  3183 | D        | Killed a nagaraja
  3214 | D        | Received a gift from Trog
  3568 | D        | Noticed a bunyip
  3568 | D        | Noticed a bunyip
  3578 | D        | Killed a bunyip
  3580 | D        | Killed a bunyip
  3580 | D        | Received a gift from Trog
  3598 | D        | Received a gift from Trog
  3600 | D        | Noticed a thorn hunter
  3613 | D        | Killed a thorn hunter
  3847 | D        | Noticed Kirke
  3852 | D        | Received a gift from Trog
  3860 | D        | Killed Kirke
  3930 | D        | Noticed a fire dragon
  3930 | D        | Noticed a tengu reaver
  3930 | D        | Noticed a purple very ugly thing
  3930 | D        | Noticed a fire dragon
  3934 | D        | Killed a fire dragon
  3938 | D        | Killed a purple very ugly thing
  3939 | D        | Reached skill level 27 in Fighting
  3939 | D        | Reached XP level 14. HP: 86/168 MP: 13/13
  3940 | D        | Noticed a golden dragon
  3944 | D        | Killed a tengu reaver
  3944 | D        | Received a gift from Trog
  3970 | D        | Noticed a fire giant
  3971 | D        | HP: 5/168 [golden dragon (10)]
  3971 | D        | HP: 2/168 [golden dragon (3)]
  3981 | D        | Killed from afar by a golden dragon

Illustrated notes

Levels and vault maps discovered:
D:        linesprint [early_d, line_temple, items_1, d_10, items_2, lair_1,
          lair_end, items_3, orc_1, orc_end, items_4, d_15, swamp_1, shoals_1,
          snake_1, spider_1, d_20, vaults_1, items_5, swamp_end, shoals_end,
          snake_end, spider_end, vaults_end, d_27, items_6, zot_1, zot_end,
          crypt_end, forest_end, elf_end, slime_end, tomb_end, abyss_end,
          pan_hell_end]

Skill      XL: |  1  2  3  4  5  6  7  8  9 10 11 12 13 14 |
---------------+-------------------------------------------+-----
Fighting       | 5 6 7 8 10 11 13 14 15 17 19 22 27 | 27.0
Axes           | 5 6 7 8 10 12 14 16 17 20 24 27 | 27.0
Armour         | 3 4 5 6 9 10 11 14 15 17 21 22 | 22.9
Dodging        | 3 4 5 6 7 8 9 10 | 10.9
Stealth        | 1 2 3 |  3.1

Action                   |  1- 3 |  4- 6 |  7- 9 | 10-12 | 13-15 || total
-------------------------+-------+-------+-------+-------+-------++-------
Melee: Hand axe          |    17 |     3 |       |       |       ||    20
       Headbutt          |     2 |     3 |    11 |    22 |    21 ||    59
       War axe           |       |    14 |    30 |       |       ||    44
       Punch             |       |       |     1 |       |       ||     1
       Executioner's axe |       |       |    11 |   136 |   104 ||   251
Invok: Berserk           |     1 |     1 |     2 |     4 |     5 ||    13
       Brothers in Arms  |       |       |       |     4 |     8 ||    12
       Trog's Hand       |       |       |       |     1 |     2 ||     3
  Use: Potion            |       |       |       |       |     2 ||     2
       Scroll            |       |       |       |       |     1 ||     1
Armor: Animal skin       |     3 |     1 |       |       |       ||     4
       Chain mail        |       |     3 |    21 |    24 |       ||    48
       Plate armour      |       |       |       |    27 |    55 ||    82
Dodge: Dodged            |    10 |     3 |    18 |    78 |    53 ||   162

Table legend: (Time is in decaauts)
 A = Elapsed time spent in this place.
 B = Non-inter-level travel time spent in this place.
 C = Inter-level travel time spent in this place.
 D = Time resting spent in this place.
 E = Time spent auto-exploring this place.
 F = Levels seen in this place.
 G = Mean time per level.
                   A        B        C        D        E       F      G
               +--------+--------+--------+--------+--------+-----+--------+
         Total |   4024 |   4024 |      0 |   2489 |    194 |   1 | 4024.0 |
       Dungeon |   4024 |   4024 |      0 |   2489 |    194 |   1 | 4024.0 |
               +--------+--------+--------+--------+--------+-----+--------+

Top non-repeatable levels by time:
       D: 4024 daAuts
